 Dungeon Crawl Stone Soup version 0.20-a0-463-g5747544 (webtiles) character file.

39 mopl the Slasher (level 3, -7/27 HPs)
             Began as a Barachian Skald on Jan 10, 2017.
             Mangled by a gnoll
             ... wielding a cursed -2 halberd
              (12 damage)
             ... on level 1 of the Dungeon.
             The game lasted 00:03:23 (1520 turns).

mopl the Slasher (Barachian Skald)                  Turns: 1520, Time: 00:03:24

Health: -7/27      AC:  4    Str:  9    XL:     3   Next: 47%
Magic:  5/6        EV: 11    Int: 11    God:
Gold:   55         SH:  0    Dex: 11    Spells: 1/6 levels left

rFire  . . .     SeeInvis .     a - +0 falchion
rCold  . . .     Gourm    .     b - +0 leather armour
rNeg   . . .     Faith    .     (no shield)
rPois  .         Spirit   .     (no helmet)
rElec  .         Reflect  .     (no cloak)
rCorr  .         Harm     .     j - +0 pair of gloves
MR     .....                    (no boots)
Stlth  +.........               (no amulet)
                                (no ring)
                                (no ring)

@: infused (expiring), slow
A: swims, slowness 1, strong legs 1
a: Hop


You were on level 1 of the Dungeon.
You were not hungry.

You visited 1 branch of the dungeon, and saw 2 of its levels.

You collected 55 gold pieces.

Inventory:

Hand Weapons
 a - a +0 falchion (weapon)
Missiles
 h - 10 poisoned needles
Armour
 b - a +0 leather armour (worn)
 j - a +0 pair of gloves (worn)
Scrolls
 e - a scroll of teleportation
 g - a scroll of recharging {unknown}
Potions
 i - 2 potions of heal wounds {unknown}
Books
 c - a book of Battle

   Spells                             Type                      Level
   a - Infusion                       Charms                       1
   b - Shroud of Golubria             Charms/Translocation         2
   c - Song of Slaying                Charms                       2
   d - Spectral Weapon                Hexes/Charms                 3
   e - Regeneration                   Charms/Necromancy            3
Comestibles
 d - a bread ration
 f - 2 meat rations
 k - 3 chunks of flesh


   Skills:
 - Level 2.1 Fighting
 + Level 4.1 Long Blades
 - Level 1.1 Armour
 - Level 2.0 Dodging
 - Level 2.0 Spellcasting
 - Level 3.0 Charms


You had one spell level left.
You knew the following spells:

 Your Spells              Type           Power        Failure   Level  Hunger
a - Infusion              Chrm           #...         12%         1    ##.....
b - Song of Slaying       Chrm           #.......     17%         2    ###....
f - Shroud of Golubria    Chrm/Tloc      #.........   34%         2    ###....


Dungeon Overview and Level Annotations

Branches:
Dungeon (2/15)

Altars:
Okawaru


Innate Abilities, Weirdness & Mutations

You can swim through water.
You cover ground slowly.
You can hop short distances.


Message History

The gnoll misses you.
You riposte.
You barely miss the gnoll.
The gnoll is lightly wounded.
You hit the gnoll.
The gnoll is heavily wounded.
The gnoll barely misses you.
You barely miss the gnoll.
The gnoll is heavily wounded.
The gnoll hits you with a halberd.
* * * LOW HITPOINT WARNING * * *
You barely miss the gnoll.
The gnoll is heavily wounded.
The gnoll hits you with a halberd.
* * * LOW HITPOINT WARNING * * *
You closely miss the gnoll.
The gnoll is heavily wounded.
You completely miss the gnoll.
The gnoll is heavily wounded.
Your magical infusion is running out.
The gnoll hits you with a halberd!
You die...

#....# #....##### #####
#...(....# ####...# #........#
####### #.#....####........#
......#####.........#........###
......+..##..................'.#
......##)....................#.#
...............g@............#.#
..................#..........#.#
......######......###........#.#
..................####......##.#
.......รท..........#....#..####.#
......)...........#....#.#####.#
........................(......#
###+#..[#...............########
##..+......#####........#


You could see a gnoll.

Vanquished Creatures
  A worm (D:2)
  3 dart slugs
  A leopard gecko (D:1)
  4 goblins
  3 hobgoblins (D:1)
  4 kobolds (D:1)
  A quokka (D:1)
  2 bats
  3 frilled lizards (D:1)
  8 rats
30 creatures vanquished.

Notes
Turn   | Place    | Note
-------+----------+-------------------------------------------
     0 | D:1      | mopl the Barachian Skald began the quest for the Orb.
     0 | D:1      | Reached XP level 1. HP: 16/16 MP: 3/3
   100 | D:1      | Reached XP level 2. HP: 19/22 MP: 5/5
   106 | D:1      | Learned a level 2 spell: Song of Slaying
   109 | D:1      | Learned a level 2 spell: Shroud of Golubria
   161 | D:1      | Reached skill level 3 in Long Blades
  1079 | D:1      | Reached XP level 3. HP: 27/27 MP: 6/6
  1139 | D:2      | Found an iron altar of Okawaru.
  1278 | D:1      | Reached skill level 4 in Long Blades
  1520 | D:1      | Mangled by a gnoll

Vault maps used:
D:1:      matt_arrival_diagonals, minmay_domino_4
D:2:      overflow_temple_1_default, okawaru_trees_2

Skill      XL: |  1  2  3 |
---------------+----------+-----
Long Blades    | 3 4 |  4.1
Fighting       | |  2.1
Armour         | |  1.1
Dodging        | |  2.0
Spellcasting   | |  2.0
Charms         | |  3.0

Action                   || total
-------------------------++-------
Melee: Falchion          ||    89
       Whip              ||    51
 Cast: Infusion          ||     4
  Use: Scroll            ||     4
  Eat: Chunk             ||     3
Armor: Leather armour    ||    43
Dodge: Dodged            ||   118
       Rpst.: Falchion   ||    16
